 Dungeon Crawl Stone Soup version 0.24.0-123-gd5b16e6ec5 (webtiles) character file.

Game seed: 13443600735301273334, levelgen mode: deterministic

4524 Elellon the Basher (level 10, -4/88 HPs)
             Began as a Deep Dwarf Fighter on Jan 3, 2020.
             Was a Follower of Makhleb.
             Slain by a cyclops (10 damage)
             ... on level 8 of the Dungeon.
             The game lasted 00:16:41 (5768 turns).

Elellon the Basher (Deep Dwarf Fighter)             Turns: 5768, Time: 00:16:41

Health: -4/88      AC:  9    Str: 23    XL:     10   Next: 17%
Magic:  5/5        EV:  9    Int:  9    God:    Makhleb [*.....]
Gold:   334        SH: 12    Dex: 12    Spells: 9/9 levels left

rFire    . . .     SeeInvis .   S - +2 war axe (flame)
rCold    . . .     Gourm    .   c - +1 shield
rNeg     + . .     Faith    .   C - +1 ring mail {rPois}
rPois    +         Spirit   .   (no helmet)
rElec    .         Reflect  .   v - +0 cloak
rCorr    +         Harm     .   (no gloves)
MR       +....                  q - +0 pair of boots
Stlth    +.........             (no amulet)
HPRegen  0.00/turn              n - ring of resist corrosion
MPRegen  0.09/turn              r - ring of positive energy

@: marked, non-regenerating
A: damage resistance, heal wounds, sense surroundings 2, no regeneration
a: Heal Wounds, Renounce Religion


You were on level 8 of the Dungeon.
You worshipped Makhleb.
Makhleb was aware of your devotion.
You were hungry.

You visited 2 branches of the dungeon, and saw 9 of its levels.
You also visited: Sewer.

You collected 334 gold pieces.

Inventory:

Hand Weapons
 a - a +0 war axe
 D - a +4 flail of protection
 R - a +1 whip of electrocution
 S - a +2 war axe of flaming (weapon)
Armour
 b - a +0 scale mail
 c - a +1 shield (worn)
 q - a +0 pair of boots (worn)
 u - a +0 chain mail
 v - a +0 cloak (worn)
 C - a +1 ring mail of poison resistance (worn)
Jewellery
 n - a ring of resist corrosion (left hand)
 r - a ring of positive energy (right hand)
 A - a +2 ring of strength
 T - an uncursed ring of see invisible
Wands
 B - a wand of iceblast (5)
 F - a wand of flame (21)
 I - a wand of polymorph (18)
 M - a wand of random effects (22)
 P - a wand of paralysis (1)
Scrolls
 e - a scroll of enchant armour
 h - 2 scrolls of fear {unknown}
 j - a scroll of enchant weapon {unknown}
 k - a scroll of blinking {unknown}
 m - 5 scrolls of teleportation {unknown}
 s - 4 scrolls of identify
 y - a scroll of immolation {unknown}
 z - 5 scrolls of remove curse
 E - a scroll of amnesia
 G - a scroll of summoning {unknown}
 H - a scroll of magic mapping {unknown}
 J - a scroll of silence {unknown}
 O - a scroll of fog {unknown}
Potions
 d - 3 potions of might
 g - a potion of invisibility {unknown}
 i - 3 potions of heal wounds {unknown}
 l - 2 potions of lignification {unknown}
 o - 4 potions of ambrosia {unknown}
 p - 2 potions of cancellation {unknown}
 t - a potion of agility
 w - a potion of curing {unknown}
 x - 2 potions of degeneration {unknown}
 K - a potion of resistance {unknown}
 L - a potion of mutation {unknown}
 N - 3 potions of flight {unknown}
 Q - a potion of experience {unknown}
 U - 2 potions of brilliance {unknown}
Comestibles
 f - 13 rations


   Skills:
 + Level 5.3 Fighting
 * Level 8.3(10.4) Axes
 - Level 9.3(10.4) Maces & Flails
 + Level 5.9 Armour
 - Level 0.3 Dodging
 + Level 0.5 Stealth
 + Level 7.3 Shields


You had 9 spell levels left.
You didn't know any spells.
Your spell library contained the following spells:

 Spells                   Type           Power        Failure   Level  Hunger
 Freeze                   Ice            #...         86%         1    ##.....
 Throw Frost              Conj/Ice       #.....       94%         2    ###....
 Ozocubu's Armour         Chrm/Ice       #.......     99%         3    ####...
 Summon Ice Beast         Ice/Summ       #.......     100%        4    #####..
 Throw Icicle             Conj/Ice       #.......     100%        4    #####..


Dungeon Overview and Level Annotations

Branches:
Dungeon (8/15)             Temple (1/1) D:7           Sewer (visited)
   Lair: D:8-11

Altars:
Ashenzari
Cheibriados
Dithmenos
Elyvilon
Fedhas
Gozag
Hepliaklqana
Kikubaaqudgha
Makhleb
Nemelex Xobeh
Okawaru
Qazlal
Ru
Sif Muna
Trog
Uskayaw
Wu Jian
Xom
Yredelemnul
The Shining One

Annotations:
D:3 Grinder


Innate Abilities, Weirdness & Mutations

You are resistant to damage.
You can heal yourself by infusing magical energy.
You passively map the area around you.
You do not regenerate.


Message History

Your base Axes skill increases to level 8!
You have reached level 10!
The cyclops throws a large rock.
The large rock hits you!!
* * * LOW HITPOINT WARNING * * *
The cyclops barely misses you.
Items here: ( ) / [ † a +1 mace of crushing; 2 throwing nets; a +0 chain mail; a wand of iceblast (4) the human corpse of Harold You slash the cyclops!
You burn the cyclops!
The cyclops is moderately wounded.
You block the cyclops's attack.
You hit the cyclops but do no damage.
The cyclops is moderately wounded.
You hit the cyclops but do no damage.
The cyclops is moderately wounded.
You block the cyclops's attack.
You barely miss the cyclops.
The cyclops is moderately wounded.
The cyclops hits you!
You die...

*#...# #........# *
.....# #####.##.#
......# #.#.#.#
,.......####.###..#
, .......C@..#
##.## .......##.##
##.# * ......#
##.## ##.## .....#
##.###(## #..C#
##.#@## * ....,
##C## *,##. * * #.#
* *# * #.# ** * #.#
, , * ,* #.# * , ,
#.# *** #.# , ,* *
#.#


You could see a cyclops.

Vanquished Creatures
  Harold (D:8)
  Pikel (D:7)
  A hungry ghost (D:5)
  Edmund (D:4)
  A water moccasin (D:7)
  Duvessa (D:7)
  An ice beast (D:7)
  A black bear (D:6)
  4 sky beasts
  3 orc warriors
  A slave (D:7)
  2 phantoms
  5 centaurs
  A big kobold (Sewer)
  A bullfrog (D:7)
  Dowan (D:7)
  3 scorpions (D:4)
  3 killer bees (D:8)
  A bullfrog zombie (D:7)
  A crimson imp (D:6)
  2 howler monkeys (D:7)
  A quasit (D:7)
  4 hounds
  5 orc priests
  7 orc wizards
  2 centaur skeletons
  2 iguanas
  A bullfrog skeleton (D:4)
  3 worker ants
  2 worker ant zombies
  3 adders
  A howler monkey skeleton (D:3)
  A river rat (Sewer)
  A shadow imp (D:6)
  An adder skeleton (D:8)
  An adder zombie (D:7)
  3 worms
  2 dart slugs
  4 leopard geckos
  31 orcs
  6 bats
  4 giant cockroaches
  5 hobgoblins
  14 jackals
  A quokka (D:2)
  10 frilled lizards
  7 goblins
  2 jackal skeletons (D:4)
  6 kobolds
  A quokka zombie (D:7)
  12 rats
179 creatures vanquished.

Vanquished Creatures (others)
  An orc wizard (D:7)
  An orc (D:7)
2 creatures vanquished.

Grand Total: 181 creatures vanquished

Notes
Turn   | Place    | Note
-------+----------+-------------------------------------------
     0 | D:1      | Elellon the Deep Dwarf Fighter began the quest for the Orb.
     0 | D:1      | Reached XP level 1. HP: 20/20 MP: 1/1
    88 | D:1      | Reached XP level 2. HP: 27/27 MP: 2/2
   437 | D:1      | Reached XP level 3. HP: 30/33 MP: 3/3
   958 | D:2      | Found a hazy altar of Hepliaklqana.
  1690 | D:3      | Reached XP level 4. HP: 30/40 MP: 4/4
  1944 | D:3      | Reached skill level 5 in Axes
  2010 | D:3      | Noticed Grinder
  2121 | D:4      | Reached XP level 5. HP: 45/48 MP: 5/5
  2204 | D:4      | Reached XP level 6. HP: 56/56 MP: 6/6
  2339 | D:4      | Noticed Edmund
  2361 | D:4      | Killed Edmund
  2361 | D:4      | Reached XP level 7. HP: 33/62 MP: 6/6
  2588 | D:4      | Reached skill level 1 in Maces & Flails
  2625 | D:4      | Reached skill level 2 in Maces & Flails
  2857 | D:5      | Entered Level 5 of the Dungeon
  2877 | D:5      | Reached skill level 3 in Maces & Flails
  2877 | D:5      | Reached skill level 5 in Shields
  2916 | D:5      | Noticed a hungry ghost
  2927 | D:5      | Killed a hungry ghost
  2927 | D:5      | Reached XP level 8. HP: 38/72 MP: 7/7
  2930 | D:5      | Reached skill level 4 in Maces & Flails
  3117 | D:5      | Found a stormy altar of Qazlal.
  3574 | D:6      | Reached skill level 5 in Maces & Flails
  3649 | D:6      | Found a shimmering altar of Xom.
  3655 | D:6      | Reached skill level 6 in Maces & Flails
  3766 | D:6      | Reached skill level 5 in Armour
  4125 | D:6      | Found a glowing drain.
  4138 | Sewer    | Entered a sewer
  4227 | Sewer    | Reached skill level 7 in Maces & Flails
  4246 | Sewer    | Found a white marble altar of Elyvilon.
  4346 | D:6      | Gained mutation: You passively map the area around you.
                  | [Deep Dwarf growth]
  4346 | D:6      | Reached XP level 9. HP: 28/79 MP: 8/8
  4457 | D:7      | Noticed Dowan
  4457 | D:7      | Noticed Duvessa
  4490 | D:7      | Killed Duvessa
  4493 | D:7      | Killed Dowan
  4509 | D:7      | Found a staircase to the Ecumenical Temple.
  4516 | Temple   | Entered the Ecumenical Temple
  4642 | Temple   | Became a worshipper of Makhleb the Destroyer
  4701 | D:7      | Reached skill level 8 in Maces & Flails
  4761 | D:7      | Found a hide-covered altar of Uskayaw.
  4771 | D:7      | Noticed Pikel
  4791 | D:7      | Killed Pikel
  5176 | D:7      | Reached skill level 9 in Maces & Flails
  5244 | D:7      | Reached skill level 5 in Fighting
  5334 | D:7      | Found a shadowy altar of Dithmenos.
  5610 | D:8      | Reached * piety under Makhleb
  5722 | D:8      | Noticed Harold
  5742 | D:8      | Noticed a cyclops
  5763 | D:8      | Killed Harold
  5763 | D:8      | Reached XP level 10. HP: 36/88 MP: 5/5
  5768 | D:8      | Slain by a cyclops

Levels and vault maps discovered:
D:1:      dpeg_arrival_more_subterranean_lakeside_camping, layout_basic,
          fountainhead
D:2:      layout_basic, lemuel_coloured_pillars_altar, first_ration
D:3:      layout_loops_ring, uniq_grinder
D:4:      layout_gridville, minmay_cupped, uniq_edmund
D:5:      layout_gridville, kennysheep_small_circle
D:6:      layout_basic, overflow_temple_1_default, cheibrodos_sewer_entry_bend
D:7:      layout_basic, grunt_dithmenos_smoke_and_mirrors,
          nicolae_overflow_crystal_walls, minmay_temple_entry_arrows,
          enter_bailey_6, st_stairs_1, uniq_pikel, uniq_duvessa
D:8:      layout_loops_corners, uniq_harold
Temple:   nicolae_temple_elliptical

Skill      XL: |  1  2  3  4  5  6  7  8  9 |
---------------+----------------------------+-----
Axes           | 3 4 5 6 7 8 |  8.3
Fighting       | 3 4 5 |  5.3
Shields        | 4 5 7 |  7.3
Armour         | 4 5 |  5.9
Maces & Flails | 3 7 9 |  9.3
Dodging        | |  0.3
Stealth        | |  0.5

Action                   |  1- 3 |  4- 6 |  7- 9 | 10-12 || total
-------------------------+-------+-------+-------+-------++-------
Melee: War axe           |   128 |   156 |    62 |     4 ||   350
       Flail             |       |       |   355 |       ||   355
 Abil: Heal Wounds       |       |     4 |    16 |       ||    20
  Use: Scroll            |       |       |     5 |       ||     5
  Eat: Chunk             |     1 |     4 |     9 |       ||    14
       Ration            |       |       |     1 |       ||     1
Armor: Scale mail        |    44 |       |       |       ||    44
       Chain mail        |    16 |    29 |       |       ||    45
       Ring mail         |       |    32 |   197 |       ||   229
Dodge: Dodged            |    42 |    46 |   120 |     1 ||   209
Block: Shield            |    85 |    82 |   287 |     2 ||   456
